 Dungeon Crawl Stone Soup version 0.27.1-34-g3ba077fa99 (webtiles) character file.

Game seed: 4022085626561271886

506 dianekeaton the Basher (level 6, -3/51 HPs)
             Began as a Minotaur Berserker on Jan 18, 2022.
             Was a Believer of Trog.
             Slain by a black bear (6 damage)
             ... on level 4 of the Dungeon.
             The game lasted 00:06:12 (3334 turns).

dianekeaton the Basher (Minotaur Berserker)         Turns: 3334, Time: 00:06:14

Health: -3/51      AC:  6    Str: 23    XL:     6   Next: 97%
Magic:  5/5        EV: 10    Int:  4    God:    Trog [**....]
Gold:   153        SH:  0    Dex: 10    Spells: 5/5 levels left

rFire    . . .     SeeInvis .   a - +0 mace
rCold    . . .     Faith    .   (no shield)
rNeg     . . .     Spirit   .   e - +0 scale mail
rPois    .         Reflect  .   (helmet restricted)
rElec    .         Harm     .   (no cloak)
rCorr    .         Rampage  .   (no gloves)
Will     .....                  (no boots)
Stlth    ..........             (no amulet)
HPRegen  0.17/turn              (no ring)
MPRegen  0.09/turn              (no ring)

@: no status effects
A: horns 2, retaliatory headbutt
a: Renounce Religion, Berserk, Trog's Hand


You were on level 4 of the Dungeon.
You worshipped Trog.
Trog was pleased with you.
You visited 1 branch of the dungeon, and saw 4 of its levels.

You collected 153 gold pieces.

Inventory:

Hand Weapons
 a - a +0 mace (weapon)
Armour
 e - a +0 scale mail (worn)
Scrolls
 d - 3 scrolls of identify {unknown}
 f - a scroll of fog {unknown}
 g - 2 scrolls of teleportation {unknown}
 k - a scroll of blinking {unknown}
 l - a scroll of brand weapon {unknown}
Potions
 b - a potion of flight {unknown}
 c - 2 potions of ambrosia {unknown}
 h - 3 potions of curing {unknown}
 i - a potion of mutation {unknown}
 j - a potion of resistance {unknown}


   Skills:
 - Level 3.6 Fighting
 + Level 9.5 Maces & Flails
 - Level 2.4 Armour
 - Level 2.1 Dodging


You had 5 spell levels left.
You didn't know any spells.
Your spell library was empty.

Dungeon Overview and Level Annotations

Branches:
Dungeon (4/15)
 Temple: D:4-7

Altars:


Innate Abilities, Weirdness & Mutations

You have a pair of horns on your head.
You reflexively headbutt those who attack you in melee.


Message History

The black bear is heavily wounded.
The black bear bites you. The black bear claws you.
The black bear barely misses you. The goblin closely misses you.
You barely miss the black bear.
The black bear is heavily wounded.
The black bear bites you but does no damage.
The black bear barely misses you. x2; The goblin barely misses you.
You hit the black bear. You headbutt the black bear.
The black bear is almost dead.
The black bear goes berserk!
The goblin barely misses you.
You hit the black bear but do no damage.
The black bear is severely wounded.
The black bear barely misses you. You furiously retaliate!
You headbutt the black bear, but do no damage.
The black bear claws you but does no damage.
The black bear claws you. The goblin hits you with a +0 club.
The black bear barely misses you. The black bear claws you.
The black bear closely misses you.
You barely miss the black bear.
The black bear is severely wounded.
The black bear bites you. The black bear barely misses you. x2
The goblin hits you but does no damage.
You completely miss the black bear.
The black bear is severely wounded.
The black bear bites you. The black bear closely misses you.
The black bear claws you but does no damage.
The goblin barely misses you.
You hit the black bear but do no damage.
The black bear is severely wounded.
The black bear bites you!
* * * LOW HITPOINT WARNING * * *
The black bear claws you.
* * * LOW HITPOINT WARNING * * *
The black bear claws you.
* * * LOW HITPOINT WARNING * * *
The goblin hits you but does no damage. The black bear bites you.
* * * LOW HITPOINT WARNING * * *
The black bear claws you but does no damage.
The black bear claws you.
You die...

# #......## #
#####...## #
#....## . #††...##
..##### #......##
....... #.......#
+++# #......
#.......###...
......(
#.......##.g######
#......
#.......#.@h......
#.#####
#.......#.########
#. #######.#.# #.
#.#.# #. #.#.# #.
#.#.# ..>####.
#.#.# #.....<
#.#.# ######.
#.#.# #.


You could see a black bear (berserk) and a goblin.

Vanquished Creatures
  Grinder (D:2)
  A phantom (D:4)
  2 hounds
  A bullfrog skeleton (D:4)
  An iguana (D:2)
  5 adders
  2 worms (D:2)
  2 dart slugs
  5 ball pythons
  4 bats
  4 endoplasms
  7 giant cockroaches
  7 goblins
  4 hobgoblins
  4 jackals (D:1)
  2 quokkas
  4 frilled lizards
  5 kobolds
  6 rats
67 creatures vanquished.

Notes
Turn   | Place    | Note
-------+----------+-------------------------------------------
     0 | D:1      | dianekeaton the Minotaur Berserker began the quest for the
                  | Orb.
     0 | D:1      | Reached XP level 1. HP: 19/19 MP: 0/0
    24 | D:1      | Reached skill level 4 in Maces & Flails
   176 | D:1      | Reached XP level 2. HP: 25/26 MP: 1/1
   594 | D:1      | Found a faded altar of an unknown god.
   772 | D:1      | Reached skill level 5 in Maces & Flails
   995 | D:2      | Reached XP level 3. HP: 23/31 MP: 2/2
  1103 | D:2      | Reached ** piety under Trog
  1277 | D:2      | Reached skill level 6 in Maces & Flails
  1277 | D:2      | Reached XP level 4. HP: 23/39 MP: 3/3
  2195 | D:3      | Noticed Grinder
  2199 | D:3      | Reached XP level 5. HP: 44/45 MP: 4/4
  2233 | D:2      | Killed Grinder
  2234 | D:2      | Reached skill level 8 in Maces & Flails
  2234 | D:2      | Reached XP level 6. HP: 16/51 MP: 5/5
  2801 | D:4      | Reached skill level 9 in Maces & Flails
  3334 | D:4      | Slain by a black bear

Illustrated notes

Levels and vault maps discovered:
D:1:      amcnicky_arrival_choice, layout_rooms, basic_ecumenical_altar,
          skrybe_limestone_x, chequers_serial_rivers_large_b, minivault_19,
          lemuel_another_geyser
D:2:      minmay_angry_zag, layout_basic
D:3:      layout_basic, uniq_grinder
D:4:      layout_basic, chequers_hall_statues_wall_a, kennysheep_cluttered_room,
          uniq_menkaure

Skill      XL: |  1  2  3  4  5  6 |
---------------+-------------------+-----
Maces & Flails | 4 5 6 8 9 |  9.5
Fighting       | |  3.6
Armour         | |  2.4
Dodging        | |  2.1

Action                   |  1- 3 |  4- 6 || total
-------------------------+-------+-------++-------
Melee: Mace              |    69 |   104 ||   173
       Headbutt          |     9 |    14 ||    23
Invok: Trog's Hand       |       |     2 ||     2
       Berserk           |       |     1 ||     1
Armor: Animal skin       |     5 |       ||     5
       Scale mail        |    12 |    42 ||    54
Dodge: Dodged            |    39 |    78 ||   117
